 Dungeon Crawl Stone Soup version 0.27-a0-909-g0721f309d1 (webtiles) character file.

Game seed: 12932787250119673907

507 Alarkh the Insei (level 6, 0/50 HPs)
             Began as a Demonspawn Gladiator on Apr 8, 2021.
             Was a Believer of Uskayaw.
             Killed from afar by an orc wizard (6 damage)
             ... with a magic dart
             ... on level 3 of the Dungeon.
             The game lasted 00:05:30 (2990 turns).

Alarkh the Insei (Demonspawn Gladiator)             Turns: 2990, Time: 00:05:30

Health: 0/50       AC:  6    Str: 14    XL:     6   Next: 97%
Magic:  6/6        EV: 12    Int: 11    God:    Uskayaw [**....]
Gold:   184        SH:  0    Dex: 15    Spells: 5/5 levels left

rFire    . . .     SeeInvis .     - Unarmed
rCold    . . .     Faith    .   (no shield)
rNeg     . . .     Spirit   .   a - +0 leather armour
rPois    .         Reflect  .   b - +0 helmet
rElec    .         Harm     .   d - +0 cloak
rCorr    .         Rampage  .   (no gloves)
Will     .....                  (no boots)
Stlth    +.........             m - amulet of regeneration
HPRegen  0.16/turn              (no ring)
MPRegen  0.10/turn              (no ring)

@: no status effects
A: hooves 1, rugged brown scales 1, powered by death 2
a: Renounce Religion, Stomp, Line Pass


You were on level 3 of the Dungeon.
You worshipped Uskayaw.
Uskayaw was noncommittal.
You visited 1 branch of the dungeon, and saw 3 of its levels.
You visited the Abyss 1 time.
You also visited: Sewer.

You collected 184 gold pieces.

Inventory:

Hand Weapons
 l - the +5 dire flail "Wuis" {venom, rElec}
   (You found it on level 1 of the Abyss)

   It poisons the flesh of those it strikes.
   It insulates you from electricity.
Missiles
 c - a throwing net (quivered)
Armour
 a - a +0 leather armour (worn)
 b - a +0 helmet (worn)
 d - a +0 cloak (worn)
Jewellery
 m - an amulet of regeneration (around neck)
Wands
 i - a wand of digging (7)
Scrolls
 g - 3 scrolls of teleportation
 j - a scroll of enchant weapon {unknown}
 k - a scroll of summoning {unknown}
 n - a scroll of vulnerability {unknown}
 p - 2 scrolls of fear
 q - a scroll of magic mapping
 r - a scroll of identify
Potions
 e - 2 potions of flight
 f - 2 potions of curing
 h - 2 potions of brilliance
 o - a potion of ambrosia


   Skills:
 + Level 4.5 Fighting
 - Level 1.7 Throwing
 - Level 2.6 Dodging
 * Level 6.1 Unarmed Combat


You had 5 spell levels left.
You didn't know any spells.
Your spell library contained the following spells:

 Spells                   Type           Power      Damage    Failure   Level
 Foxfire                  Conj/Fire      0%         2x1d4     41%         1
 Conjure Flame            Conj/Fire      0%         6-21      80%         3
 Inner Flame              Hex/Fire       0%         N/A       80%         3
 Sticky Flame             Conj/Fire      0%         2d3       99%         4
 Fireball                 Conj/Fire      0%         3d3       100%        5


Dungeon Overview and Level Annotations

Branches:
Dungeon (3/15)              Sewer (visited)

Altars:
Uskayaw
Zin


Innate Abilities, Weirdness & Mutations

You have large cloven feet.
You are partially covered in rugged brown scales. (AC +1, +3% HP)
You regenerate health from kills.


Message History

The small abomination closely misses you.
You hit the small abomination. You kick the small abomination.
Your punch misses the small abomination.
The small abomination is severely damaged.
The small abomination misses you.
You hit the small abomination. You kick the small abomination.
You destroy the small abomination!
Uskayaw will force your foes to helplessly watch your dance.
Your Unarmed Combat skill increases to level 6!
The substance of the Abyss twists violently, and a gateway leading out appears!
There is a gateway leading out of the Abyss here.
There is a gateway leading out of the Abyss here.
You pass through the gate.
Welcome back to the Dungeon!
The orc hits you with a +0 dagger.
* * * LOW HITPOINT WARNING * * *
The orc hits you with a +0 dagger.
* * * LOW HITPOINT WARNING * * *
The orc wizard hits you with a +0 dagger.
* * * LOW HITPOINT WARNING * * *
Items here: $ ) ? †.
The orc wizard gestures at itself while chanting.
The orc wizard flickers and vanishes!
Deactivating autopickup; reactivate with Ctrl-A.
You hit the orc. Your kick misses the orc.
The orc is heavily wounded.
The orc wizard gestures at itself while chanting.
The orc wizard flickers and vanishes!
You closely miss the orc. You kick the orc.
The orc is severely wounded.
The orc hits you but does no damage.
You hit the orc.
The orc is almost dead.
A magic dart appears from out of thin air!
The magic dart hits you.
* * * LOW HITPOINT WARNING * * *
You hit the orc.
You kill the orc!
A magic dart appears from out of thin air!
The magic dart hits you.
You die...

,,,,,,,,,,,,,,..........# ###.###
,,,,,,,,,*,***#######...###....##
*****,**,*,#####* #..........##
,* *,,,,,,,....#####...###....##
,* *,,,,,,,...................##
,** *,,*,,,,.....................
,,***,,*,#.####.###.#...#........
,,,,,,.#,........................
,,,,.,,.,.......@.............##.
*,,,#.,#.#.####.#)#{#...#........
*,,,#..#.#.#......{...........#..
',,,+.............#$#...#....,##.
*,,,#.......................,,,..
*,,,.....#.#.##.###.#...#...,,**,
,,,,.......<................,,**,
,,,,.............##.#...#...,,,,,
*,,*#....#.#.##..##.#...#..#,***,


There were no monsters in sight!

Vanquished Creatures
  A small abomination (Abyss:1)
  A sky beast (D:3)
  An iron imp (Abyss:1)
  Jessica (D:2)
  2 merfolk sirens (Sewer)
  A merfolk avatar (Sewer)
  2 river rats
  5 adders
  2 worms (D:2)
  4 dart slugs
  6 orcs
  6 endoplasms
  6 giant cockroaches
  3 goblins
  4 hobgoblins
  8 jackals
  8 kobolds
  6 quokkas
  13 ball pythons
  7 bats
  6 frilled lizards
  27 rats
120 creatures vanquished.

Notes
Turn   | Place    | Note
-------+----------+-------------------------------------------
     0 | D:1      | Alarkh the Demonspawn Gladiator began the quest for the
                  | Orb.
     0 | D:1      | Reached XP level 1. HP: 16/16 MP: 1/1
   139 | D:1      | Reached skill level 3 in Unarmed Combat
   219 | D:1      | Gained mutation: You have large cloven feet. [demonic
                  | ancestry]
   219 | D:1      | Reached XP level 2. HP: 22/22 MP: 2/2
   398 | D:1      | Gained mutation: You regenerate a little health from kills.
                  | [demonic ancestry]
   398 | D:1      | Reached XP level 3. HP: 23/28 MP: 3/3
   720 | D:2      | Noticed Jessica
   736 | D:2      | Killed Jessica
   737 | D:2      | Reached skill level 4 in Unarmed Combat
   737 | D:2      | Gained mutation: You regenerate health from kills. [demonic
                  | ancestry]
   737 | D:2      | Reached XP level 4. HP: 29/35 MP: 4/4
   855 | D:2      | Found a faded altar of an unknown god.
  1922 | D:3      | Found a glowing drain.
  1935 | D:3      | Reached XP level 5. HP: 38/41 MP: 5/5
  1951 | Sewer    | Entered a sewer
  2250 | Sewer    | Reached skill level 5 in Unarmed Combat
  2470 | Sewer    | Gained mutation: You are partially covered in rugged brown
                  | scales. (AC +1, +3% HP) [demonic ancestry]
  2470 | Sewer    | Reached XP level 6. HP: 42/49 MP: 6/6
  2540 | D:3      | Found a hide-covered altar of Uskayaw.
  2593 | D:3      | Became a worshipper of Uskayaw the Reveller
  2603 | D:3      | Noticed a sky beast
  2610 | D:3      | Reached * piety under Uskayaw
  2615 | D:3      | Reached ** piety under Uskayaw
  2619 | D:3      | Killed a sky beast
  2619 | D:3      | Reached *** piety under Uskayaw
  2908 | D:3      | Cast into level 1 of the Abyss (orc wizard)
  2954 | Abyss:1  | Identified the +5 dire flail "Wuis" {venom, rElec}
  2961 | Abyss:1  | Noticed a small abomination
  2978 | Abyss:1  | Killed a small abomination
  2979 | Abyss:1  | Reached skill level 6 in Unarmed Combat
  2983 | D:3      | Escaped the Abyss
  2990 | D:3      | Killed from afar by an orc wizard

Illustrated notes

Levels and vault maps discovered:
D:1:      heliophobic_arrival_ceremonial_halls, layout_basic,
          minmay_tetromino_i2
D:2:      layout_loops_ring, ebering_ecumenical_altar_mist, basic_altar,
          uniq_jessica
D:3:      layout_basic, nicolae_uskayaw_dance_hall, portal_sewer_entry_a,
          minmay_misc_feat_encased, lemuel_old_faithful

Skill      XL: |  1  2  3  4  5  6 |
---------------+-------------------+-----
Unarmed Combat | 3 4 5 6 |  6.1
Fighting       | 3 4 |  4.5
Throwing       | |  1.7
Dodging        | |  2.6

Action                   |  1- 3 |  4- 6 || total
-------------------------+-------+-------++-------
Melee: Unarmed           |   124 |   308 ||   432
       Kick              |    20 |    71 ||    91
       Punch             |       |     2 ||     2
Throw: Throwing net      |       |     3 ||     3
  Use: Potion            |     1 |     5 ||     6
       Scroll            |       |     4 ||     4
 Stab: Held in net/web   |       |     1 ||     1
Armor: Leather armour    |    31 |    94 ||   125
Dodge: Dodged            |    67 |   143 ||   210

Table legend: (Time is in decaauts)
 A = Elapsed time spent in this place.
 B = Non-inter-level travel time spent in this place.
 C = Inter-level travel time spent in this place.
 D = Time resting spent in this place.
 E = Time spent auto-exploring this place.
 F = Levels seen in this place.
 G = Mean time per level.
                   A        B        C        D        E       F      G
               +--------+--------+--------+--------+--------+-----+--------+
         Total |   3009 |   2864 |    145 |    212 |   1723 |   5 |  601.8 |
       Dungeon |   2344 |   2199 |    145 |    212 |   1457 |   3 |  781.3 |
         Abyss |     72 |     72 |      0 |      0 |      0 |   1 |   72.0 |
         Sewer |    593 |    593 |      0 |      0 |    265 |   1 |  593.0 |
               +--------+--------+--------+--------+--------+-----+--------+

Top non-repeatable levels by time:
     D:2: 1204 daAuts
     D:1: 595 daAuts
   Sewer: 593 daAuts
     D:3: 545 daAuts
 Abyss:1: 72 daAuts
